Map: 블랙핑크 - 래더

Players

lllllllllll

  • Race: Zerg Zerg
  • League: Grandmaster
  • Spawn Location: 7:00

SuperNova - Winner!

  • Race: Terran Terran
  • League: Grandmaster
  • Spawn Location: 1:00

VOD

Have the link to the VOD?

Description

Time

  • Played on: Jan. 17, 2018, 3:06 a.m.
  • Length: 32:07
Show
View Real Time Build Order
Export as new Build Order

lllllllllll Zerg 

Build Orders: Pool First, Muta Ling Bane 

Get SALT Encoding   

  12  0:00  Drone  
  13  0:12  Overlord  
  13  0:17  Drone  
  14  0:32  Drone  
  14  0:33  Drone  
  14  0:34  Drone  
  17  0:45  Extractor, Drone  
  17  0:50  Spawning Pool  
  16  0:57  Drone  
  17  1:06  Drone  
  18  1:19  Hatchery  
  18  1:23  Drone  
  18  1:29  Drone  
  19  1:36  Queen  
  21  1:40  Zergling x2  
  21  1:46  Metabolic Boost  
  22  1:52  Overlord  
  22  2:12  Queen  
  22  2:15  Drone x2  
  26  2:30  Pneumatized Carapace  
  26  2:31  Zergling x4  
  28  2:43  Evolution Chamber  
  27  2:45  Zergling x12  
  33  2:56  Overlord  
  33  2:59  Queen  
  35  3:13  Zergling x2  
  35  3:18  Zergling x8  
  40  3:21  Zergling x2  
  41  3:29  Zergling x4  
  41  3:30  Zergling x2  
  43  3:36  Overlord  
  43  3:54  Queen  
  45  3:56  Zergling x2  
  45  3:57  Zergling x8  
  50  4:03  Zergling x2  
  45  4:31  Drone x6  
  49  4:36  Drone  
  49  4:46  Drone x2  
  49  4:49  Zerg Melee Weapons Level 1  
  51  4:54  Drone  
  51  4:58  Baneling Nest  
  49  5:00  Hatchery  
  49  5:03  Drone  
  49  5:04  Overlord  
  49  5:07  Drone  
  50  5:21  Drone x2  
  50  5:23  Drone x2  
  50  5:24  Drone  
  50  5:27  Overlord  
  53  5:34  Drone  
  53  5:42  Overlord, Queen  
  53  5:44  Overlord  
  53  5:45  Overlord  
  53  5:47  Drone x2  
  57  5:55  Overlord  
  57  5:57  Extractor  
  57  6:00  Lair  
  57  6:01  Drone  
  57  6:06  Baneling x4  
  57  6:17  Drone, Zergling x2  
  57  6:18  Queen, Zergling x10  
  63  6:25  Drone, Zergling x6  
  63  6:29  Baneling x3  
  65  6:36  Zergling x6  
  66  6:46  Zergling x2  
  61  6:56  Drone x9  
  65  7:04  Drone x2  
  65  7:05  Extractor  
  66  7:10  Drone  
  66  7:14  Drone x3  
  70  7:17  Extractor, Queen  
  70  7:18  Spire  
  70  7:20  Extractor  
  69  7:27  Drone x3  
  69  7:29  Overlord  
  72  7:32  Overlord  
  72  7:34  Drone  
  72  7:36  Drone x2  
  75  7:38  Drone x4  
  77  7:46  Zergling x6  
  79  7:52  Baneling x4  
  79  7:54  Zergling x4  
  79  7:56  Overlord  
  81  7:59  Baneling x2  
  81  8:04  Overlord, Centrifical Hooks  
  81  8:05  Overlord  
  81  8:08  Drone x3  
  81  8:09  Extractor  
  81  8:10  Drone x3  
  86  8:13  Hatchery  
  85  8:21  Baneling  
  85  8:23  Zerg Ground Armor Level 1  
  84  8:35  Mutalisk x2  
  84  8:36  Mutalisk  
  84  8:37  Mutalisk  
  92  8:42  Zergling x12  
  92  8:43  Zergling x12  
  92  8:47  Hydralisk Den  
  103  8:50  Overseer  
  101  8:56  Overseer  
  101  8:57  Hatchery  
  101  8:58  Spore Crawler  
  101  8:59  Drone x2  
  101  9:01  Spore Crawler  
  101  9:02  Overseer  
  99  9:06  Drone  
  99  9:07  Drone x3  
  100  9:18  Drone x2  
  100  9:20  Muscular Augments  
  100  9:23  Baneling x2  
  102  9:24  Mutalisk  
  104  9:36  Hydralisk  
  104  9:37  Hydralisk x6  
  118  9:40  Overlord  
  118  9:45  Overlord  
  118  9:47  Overlord, Drone  
  119  9:55  Overlord  
  119  9:56  Overlord  
  119  9:57  Evolution Chamber  
  118  10:01  Drone x2  
  120  10:11  Drone x8  
  128  10:18  Hydralisk x4  
  128  10:19  Hydralisk x2, Zergling x2  
  141  10:24  Zerg Missile Weapons Level 1  
  141  10:28  Zerg Melee Weapons Level 2  
  141  10:30  Infestation Pit  
  141  10:32  Baneling x7  
  140  10:45  Drone x2  
  140  10:46  Drone x3  
  145  10:51  Hydralisk x3  
  145  10:52  Zergling x12  
  145  10:56  Hydralisk x2  
  161  11:03  Spine Crawler  
  161  11:04  Drone x3  
  163  11:05  Extractor  
  163  11:06  Overlord  
  163  11:07  Overlord  
  163  11:08  Hatchery  
  161  11:11  Hive  
  160  11:24  Hydralisk x3  
  167  11:25  Zergling x2  
  167  11:26  Zergling x16  
  167  11:32  Baneling  
  173  11:38  Hydralisk  
  173  11:39  Hydralisk x2, Zergling x2  
  181  11:40  Zergling x2  
  181  11:41  Overlord  
  181  11:44  Overlord  
  181  11:49  Baneling x13  
  181  12:01  Hydralisk x2  
  181  12:02  Zergling x8  
  181  12:03  Zergling x16  
  197  12:10  Baneling x7  
  197  12:26  Adrenal Glands  
  197  12:29  Greater Spire  
  197  12:30  Drone  
  197  12:31  Drone  
  197  12:32  Spore Crawler  
  198  12:44  Overseer  
  198  12:52  Zerg Melee Weapons Level 3  
  194  12:59  Viper  
  194  13:01  Spore Crawler  
  194  13:03  Viper  
  196  13:32  Zerg Missile Weapons Level 2  
  196  13:47  Hydralisk x4  
  196  13:48  Zergling x16  
  190  13:49  Zergling x6  
  190  13:53  Baneling x12  
  190  13:54  Baneling x9  
  155  14:29  Hydralisk, Zergling x2  
  155  14:30  Zergling x42  
  151  14:32  Overseer x2  
  151  14:38  Hydralisk  
  145  14:39  Zergling x46  
  145  14:43  Zerg Flyer Weapons Level 1  
  168  14:49  Viper x3  
  178  14:52  Drone  
  178  14:53  Drone x2  
  178  14:55  Extractor  
  178  14:56  Spine Crawler  
  178  14:57  Spine Crawler  
  178  14:59  Baneling x6  
  177  15:15  Drone x2  
  177  15:16  Spine Crawler, Drone  
  177  15:17  Overlord x3, Drone  
  180  15:26  Baneling x14  
  180  15:27  Baneling x3  
  180  15:28  Overlord x5  
  180  15:34  Spore Crawler, Drone  
  180  15:35  Spine Crawler  
  179  15:37  Extractor  
  178  15:44  Drone x2  
  178  15:45  Drone  
  178  15:48  Corruptor x3  
  187  15:55  Hatchery  
  177  16:05  Corruptor  
  177  16:06  Corruptor x2  
  177  16:09  Burrow  
  181  16:15  Hydralisk x3  
  181  16:16  Zergling x18  
  181  16:17  Zergling x6  
  199  16:22  Overseer x2  
  199  16:24  Baneling  
  199  16:25  Baneling  
  199  16:40  Spine Crawler, Zerg Missile Weapons Level 3  
  199  16:41  Spine Crawler  
  199  16:42  Spine Crawler  
  199  16:43  Spine Crawler  
  199  16:44  Spine Crawler  
  199  16:45  Spine Crawler  
  199  16:47  Spine Crawler x2  
  180  17:01  Baneling x7  
  175  17:02  Drone  
  175  17:03  Drone x3  
  179  17:11  Spine Crawler, Drone x2  
  179  17:12  Hatchery  
  174  17:26  Drone  
  174  17:27  Drone  
  175  17:35  Brood Lord x6  
  187  17:42  Hatchery  
  181  17:48  Hydralisk x2  
  181  17:49  Hydralisk  
  154  17:55  Corruptor  
  154  17:56  Corruptor x2  
  154  17:57  Zergling x2  
  154  17:58  Zergling x52  
  173  17:59  Zergling x8  
  173  18:02  Hydralisk x2  
  173  18:03  Hydralisk, Zergling x2  
  173  18:04  Zergling x4  
  195  18:13  Drone x3  
  195  18:14  Drone x2  
  190  18:34  Hydralisk  
  175  18:35  Baneling x11  
  175  18:36  Baneling x2  
  175  18:37  Corruptor  
  175  18:38  Corruptor x3  
  185  18:44  Baneling x5  
  185  18:45  Hydralisk, Zergling x6  
  185  18:46  Zergling x22  
  175  19:16  Drone x2  
  175  19:18  Extractor  
  175  19:20  Viper x2  
  175  19:22  Zerg Flyer Weapons Level 2  
  175  19:24  Spire  
  179  19:26  Hatchery  
  179  19:27  Drone x2, Queen  
  179  19:28  Drone  
  183  19:34  Hydralisk x3  
  183  19:35  Zergling x10  
  183  19:36  Zergling x10  
  199  19:42  Spine Crawler  
  199  19:43  Spine Crawler x2  
  196  19:45  Spore Crawler  
  196  19:46  Spine Crawler  
  194  19:54  Drone x2  
  194  19:59  Baneling x3  
  195  20:00  Baneling x12  
  195  20:07  Spine Crawler  
  193  20:18  Hydralisk  
  193  20:19  Zergling x14  
  198  20:32  Spore Crawler, Spine Crawler  
  198  20:33  Spine Crawler  
  198  20:34  Spine Crawler  
  198  20:35  Spine Crawler  
  193  20:46  Brood Lord x2  
  193  20:47  Brood Lord x2  
  200  20:56  Corruptor  
  192  20:57  Corruptor x3  
  183  21:16  Hydralisk  
  183  21:17  Hydralisk x2, Zergling x2  
  183  21:18  Zergling x32  
  177  21:39  Extractor  
  176  21:43  Baneling x11  
  174  21:56  Hatchery  
  174  22:03  Hydralisk x2, Zergling x2  
  174  22:04  Zergling x30  
  192  22:09  Hatchery  
  166  22:33  Corruptor x9  
  174  22:43  Baneling  
  174  22:44  Baneling x5  
  164  23:03  Zergling x12  
  157  23:32  Hatchery  
  155  23:41  Drone x2  
  155  23:45  Spine Crawler  
  95  24:40  Hydralisk x2  
  95  24:41  Hydralisk x8  
  109  25:01  Hydralisk x2  
  109  25:02  Zergling x8  
  81  25:53  Overseer  
  81  25:54  Hydralisk  
  81  25:55  Zergling x28  
  97  26:10  Hatchery  
  86  26:39  Viper  
  76  27:15  Hydralisk x2  
  76  27:16  Hydralisk x3, Zergling x4  
  76  27:17  Zergling x16  
  96  27:28  Viper  
  72  28:15  Viper  
  70  28:22  Hatchery  
  69  28:32  Hydralisk  
  63  28:55  Drone x11  
  61  29:10  Hatchery  
  61  29:17  Drone x2  
  60  29:24  Hydralisk x2  
  63  29:55  Baneling  
  63  29:56  Baneling x3  
  42  30:59  Hydralisk  
  41  31:07  Hydralisk x3  
Show
View Real Time Build Order
Export as new Build Order

SuperNova Terran - Winner!

Build Orders: Hellion Banshee 

Get SALT Encoding   

  12  0:00  SCV  
  13  0:13  SCV  
  14  0:17  Supply Depot  
  14  0:25  SCV  
  15  0:38  SCV  
  15  0:40  Barracks  
  16  0:51  SCV  
  17  1:03  SCV  
  18  1:15  SCV  
  18  1:17  Command Center  
  19  1:27  Orbital Command  
  19  1:29  Marine  
  20  1:35  Refinery  
  20  1:39  Refinery  
  20  1:47  Marine  
  20  1:50  Supply Depot  
  20  1:54  SCV  
  22  2:05  Marine  
  23  2:12  SCV  
  24  2:16  Bunker  
  24  2:20  Factory  
  24  2:27  SCV  
  24  2:29  Barracks Reactor  
  25  2:36  Orbital Command  
  25  2:40  SCV  
  26  2:52  SCV  
  27  3:01  SCV  
  27  3:05  Starport, SCV  
  29  3:09  Hellion  
  29  3:10  Hellion  
  29  3:11  Barracks Tech Lab  
  33  3:14  Supply Depot  
  33  3:16  SCV  
  33  3:19  SCV  
  35  3:29  SCV  
  35  3:31  SCV  
  37  3:34  Hellion x2  
  37  3:37  Supply Depot  
  41  3:43  SCV x2  
  41  3:47  Viking  
  45  3:55  SCV  
  45  3:56  SCV  
  45  3:59  Hellion x2  
  51  4:09  Engineering Bay  
  47  4:11  Supply Depot  
  47  4:13  SCV x2  
  46  4:25  SCV  
  46  4:29  Banshee  
  48  4:42  Cyclone  
  49  4:46  Orbital Command  
  49  4:47  Cyclone  
  53  4:52  SCV  
  53  5:05  Refinery, SCV  
  54  5:16  SCV  
  54  5:17  SCV  
  54  5:29  SCV x2  
  54  5:30  Hellion x2  
  54  5:34  Viking  
  62  5:41  SCV x2  
  64  5:44  Refinery  
  64  5:53  SCV x2  
  64  5:54  Refinery  
  64  5:55  Hellion, Supply Depot  
  68  5:59  Hellion  
  70  6:17  Hellion, SCV x2  
  73  6:20  Hellion  
  73  6:29  SCV x2  
  73  6:30  Armory  
  75  6:32  Supply Depot  
  75  6:36  Supply Depot  
  75  6:38  Hellion  
  77  6:41  SCV  
  78  6:50  SCV  
  78  6:53  SCV  
  66  6:56  Hellion  
  66  7:00  Hellion  
  56  7:02  SCV  
  56  7:05  Command Center, SCV  
  56  7:06  Starport Tech Lab  
  58  7:09  Refinery  
  58  7:14  SCV  
  59  7:17  SCV  
  59  7:18  Hellion, Terran Vehicle Weapons Level 1  
  59  7:21  Hellion  
  59  7:22  Supply Depot  
  64  7:26  SCV  
  64  7:29  SCV  
  66  7:31  Factory  
  66  7:32  Factory  
  66  7:33  Cloaking Field  
  66  7:38  SCV  
  66  7:41  SCV  
  66  7:42  Banshee  
  71  7:46  Hellion x2  
  71  7:50  SCV  
  76  7:54  SCV  
  77  8:00  Supply Depot  
  77  8:01  Supply Depot, Engineering Bay  
  77  8:03  Supply Depot, SCV  
  78  8:06  SCV  
  78  8:08  Hellion  
  78  8:09  Hellion  
  83  8:15  SCV  
  83  8:17  Factory Tech Lab, Orbital Command  
  83  8:18  SCV  
  85  8:21  Factory  
  85  8:22  Factory Tech Lab, Factory  
  85  8:25  Banshee  
  88  8:27  SCV  
  88  8:30  SCV  
  79  8:36  Hellion x2  
  79  8:38  Orbital Command  
  79  8:39  SCV  
  84  8:42  SCV  
  91  8:51  SCV  
  91  8:54  SCV  
  90  9:03  SCV  
  90  9:04  Refinery  
  90  9:05  Refinery, Thor  
  90  9:06  SCV  
  90  9:07  Engineering Bay  
  90  9:08  Missile Turret  
  90  9:09  Missile Turret  
  95  9:11  Missile Turret x2  
  95  9:12  Factory Tech Lab, Factory Reactor  
  95  9:15  SCV  
  95  9:16  Missile Turret  
  96  9:17  Missile Turret  
  96  9:18  Missile Turret, SCV x2  
  95  9:26  Banshee  
  95  9:27  SCV  
  95  9:30  SCV  
  95  9:31  SCV  
  99  9:39  SCV  
  99  9:40  Thor  
  99  9:41  Siege Tank  
  99  9:42  SCV  
  99  9:44  SCV  
  111  9:51  SCV  
  111  9:52  Hellion x4  
  120  9:56  SCV x2  
  122  10:00  Terran Vehicle Weapons Level 2  
  122  10:04  Armory, SCV  
  123  10:08  Siege Tank  
  123  10:09  Banshee  
  123  10:10  Barracks Reactor  
  129  10:15  Hellion  
  129  10:16  Hellion x2  
  129  10:19  Siege Tank  
  138  10:26  Command Center  
  138  10:27  SCV x3  
  141  10:30  Supply Depot  
  141  10:36  Supply Depot x2  
  141  10:51  Siege Tank x2  
  141  10:56  Hellion  
  149  10:57  Hellion x2, Siege Tank  
  149  10:59  Supply Depot  
  149  11:00  Supply Depot x2  
  156  11:05  Terran Vehicle And Ship Armor Level 1  
  156  11:07  Viking x2  
  160  11:16  Hellion  
  160  11:24  Siege Tank x2  
  166  11:28  Infernal Pre-Igniter  
  166  11:33  Hellion x3  
  166  11:37  Viking x2, SCV x3  
  166  11:38  Refinery  
  166  11:39  Refinery  
  177  11:40  Planetary Fortress  
  177  11:46  Siege Tank  
  180  11:48  Hellion  
  182  11:54  Sensor Tower  
  182  11:58  Hellion  
  184  12:07  Missile Turret  
  184  12:09  Missile Turret  
  184  12:10  SCV x3  
  187  12:23  Viking x2  
  187  12:25  Siege Tank  
  187  12:26  Siege Tank  
  187  12:27  Terran Vehicle Weapons Level 3  
  197  12:36  Siege Tank  
  200  12:42  Command Center  
  200  12:51  Command Center  
  200  13:02  Terran Vehicle And Ship Armor Level 2  
  198  13:23  Siege Tank  
  199  13:30  Starport x2  
  199  13:32  Command Center  
  197  13:49  Viking  
  183  14:19  Siege Tank  
  183  14:22  Siege Tank  
  183  14:23  Siege Tank  
  150  14:26  Hellion  
  150  14:27  Hellion x2  
  150  14:28  Hellion  
  114  14:32  Viking x2  
  114  14:38  Starport Tech Lab, Starport Reactor  
  103  14:47  Orbital Command x2  
  103  14:50  Factory  
  103  14:51  Factory, Siege Tank  
  106  14:53  Factory  
  106  14:54  Hellion x4, Siege Tank  
  106  14:55  Siege Tank  
  120  15:06  Viking x2  
  124  15:14  Command Center  
  118  15:15  Hellion  
  118  15:17  Viking x2  
  118  15:19  Hellion x3  
  130  15:23  Siege Tank  
  130  15:24  Smart Servos  
  130  15:26  Planetary Fortress, Siege Tank  
  130  15:27  Siege Tank  
  139  15:36  Hellion  
  139  15:40  Hellion x2, Factory Reactor  
  139  15:41  Refinery, Factory Tech Lab  
  139  15:42  Refinery  
  145  15:47  Viking  
  145  15:48  Viking x2  
  145  15:49  Viking x2  
  155  15:55  Siege Tank  
  158  15:57  Siege Tank  
  158  15:59  Missile Turret, Siege Tank x2  
  158  16:02  Siege Tank  
  170  16:06  Hellbat x2  
  170  16:07  Hellbat x2, Missile Turret  
  170  16:09  Terran Vehicle And Ship Armor Level 3  
  178  16:12  Hellion x11  
  180  16:18  Hellbat  
  179  16:26  Command Center  
  179  16:28  Sensor Tower, Siege Tank  
  179  16:29  Siege Tank  
  179  16:31  Siege Tank x2  
  191  16:35  Siege Tank  
  191  16:36  Hellbat  
  196  16:44  Hellbat x3  
  196  16:47  Viking  
  200  16:48  Terran Ship Weapons Level 1  
  198  16:55  Viking  
  200  17:05  Missile Turret  
  200  17:06  Missile Turret x2  
  200  17:22  Viking x4  
  200  17:25  Viking  
  192  17:50  Command Center  
  176  17:52  Viking x4  
  176  17:54  Viking  
  183  18:05  Thor x2  
  194  18:22  Viking x2  
  192  18:32  Viking  
  188  18:37  Viking x2  
  186  18:44  Thor  
  186  18:45  Hellbat, Siege Tank x2  
  188  18:57  Hellion x2, Siege Tank x2  
  188  18:58  Hellion x2  
  193  19:03  Hellion  
  193  19:09  Building Armor  
  178  19:17  Hellion x4, Siege Tank x2  
  178  19:18  Hellion  
  184  19:24  Hellbat  
  184  19:26  Hellbat x2  
  184  19:27  Siege Tank  
  184  19:29  Sensor Tower, Missile Turret, Siege Tank x2  
  184  19:30  Command Center, Missile Turret  
  199  20:02  Terran Ship Weapons Level 2  
  199  20:04  Refinery  
  199  20:05  Refinery  
  191  20:40  Siege Tank x2  
  191  20:41  Siege Tank  
  198  20:48  Hellbat  
  198  20:49  Hi-Sec Auto Tracking  
  200  21:02  Siege Tank  
  189  21:07  Siege Tank  
  177  21:19  Hellbat, Siege Tank  
  178  21:30  Orbital Command  
  175  21:35  Planetary Fortress  
  175  21:44  Hellbat, Siege Tank x3  
  175  21:45  Hellbat  
  185  21:47  Siege Tank  
  185  21:48  Hellbat  
  185  21:49  Hellbat x3  
  185  21:51  Siege Tank  
  199  22:11  Sensor Tower  
  199  22:14  Hellbat  
  198  22:17  Hellbat  
  198  22:21  Command Center  
  198  22:22  Command Center  
  181  22:39  Refinery  
  181  22:40  Refinery  
  179  22:50  Missile Turret  
  179  22:53  Thor  
  179  22:54  Viking x2, Thor x2  
  179  22:56  Viking  
  179  22:58  Missile Turret  
  197  23:03  Viking  
  197  23:04  Viking  
  171  23:24  Viking x2  
  171  23:26  Viking  
  177  23:41  Refinery  
  177  23:46  Refinery  
  177  23:50  Command Center  
  177  23:51  Planetary Fortress  
  177  23:53  Planetary Fortress  
  177  23:57  Viking x2  
  177  24:00  Missile Turret  
  177  24:01  Missile Turret  
  167  24:19  Viking  
  167  24:21  Viking  
  141  24:25  Viking  
  141  24:29  Viking  
  122  24:37  Viking  
  63  24:49  Viking  
  63  24:51  Viking  
  63  24:52  Thor, SCV  
  71  24:55  Viking  
  71  24:56  Thor  
  71  24:58  Hellion  
  75  25:00  Viking  
  75  25:06  Viking  
  79  25:08  Orbital Command  
  79  25:19  Viking  
  79  25:21  Viking  
  83  25:25  Viking  
  85  25:30  Viking  
  84  25:36  Viking  
  84  25:38  Siege Tank  
  89  25:48  Siege Tank  
  90  25:53  Siege Tank  
  91  26:02  Siege Tank  
  94  26:08  Hellion  
  94  26:09  SCV  
  94  26:19  Siege Tank  
  97  26:27  Siege Tank  
  97  26:31  SCV x2  
  97  26:32  SCV  
  103  26:38  SCV  
  104  26:49  Siege Tank  
  104  26:50  SCV  
  106  27:02  SCV  
  106  27:03  SCV x2  
  106  27:04  SCV  
  110  27:11  Siege Tank  
  110  27:14  SCV  
  110  27:15  Hellion  
  112  27:21  Siege Tank  
  115  27:26  SCV  
  116  27:30  Siege Tank  
  116  27:32  Hellion  
  121  27:37  Siege Tank  
  121  27:43  Siege Tank  
  124  27:44  Hellion  
  124  27:50  Siege Tank  
  129  27:54  Hellion, Orbital Command  
  123  28:08  Siege Tank  
  126  28:16  Siege Tank  
  129  28:31  Siege Tank  
  132  28:34  SCV  
  133  28:46  Siege Tank  
  124  28:51  Hellion  
  118  29:00  Hellion  
  121  29:02  SCV  
  121  29:03  SCV  
  122  29:13  Hellion x2  
  122  29:14  SCV  
  127  29:24  Siege Tank  
  127  29:30  Siege Tank  
  133  29:31  SCV  
  133  29:37  Refinery  
  134  29:42  Refinery  
  132  29:53  Orbital Command  
  132  29:56  Hellion  
  132  29:57  Hellion  
  134  30:02  Hellion  
  125  30:28  Hellion, SCV x2  
  125  30:41  SCV  
  126  30:43  Hellion  
  126  30:44  Hellion  
  126  30:45  Hellion x2  
  134  30:53  Hellion, SCV  
  134  30:54  Hellion  
  134  30:55  Hellion  
  135  31:06  Hellion  
  135  31:07  SCV  
  135  31:09  Hellion x2  
  142  31:19  Siege Tank  
  142  31:20  Hellion, SCV  
  142  31:24  Hellion  
  148  31:33  Hellion x2, Refinery  
  152  31:41  Hellion  
  152  32:05  Refinery  
Tags
 
Add a new tag
Caveats
  • Supply blocks, unpowered buildings, or Contaminate may cause inaccurate times.
  • Supply counts are checked every 10 seconds.